 Dungeon Crawl Stone Soup version 0.30-a0-830-gfe289a77b0 (webtiles) character file.

Game seed: 3882521964065422154

1271 dialectric the Trooper (level 8, -6/54 HPs)
             Began as a Gargoyle Fighter on Feb 28, 2023.
             Mangled by a wight
             ... wielding a +3 trident of freezing
              (7 damage)
             ... on level 4 of the Dungeon.
             The game lasted 00:05:30 (3566 turns).

dialectric the Trooper (Gargoyle Fighter)           Turns: 3566, Time: 00:05:30

Health: -6/54      AC: 15    Str: 23    XL:     8   Next: 53%
Magic:  8/8        EV: 11    Int:  8    God:
Gold:   249        SH:  0    Dex:  9    Spells: 7/7 levels left

rFire   . . .      SeeInvis .    q - +2 mace (drain)
rCold   . . .      Faith    .    (no shield)
rNeg    + . .      Spirit   .    b - +0 scale mail
rPois   ∞          Reflect  .    i - +2 hat
rElec   +          Harm     .    (no cloak)
rCorr   .          Rampage  .    (no gloves)
Will    .....                    (no boots) Stlth
                                 (no amulet)
HPRegen 0.29/turn                (no ring)
MPRegen 0.11/turn                (no ring)

@: no status effects
A: sickness immunity, AC +5, negative energy resistance 1, electricity
resistance, torment resistance 1, petrification resistance
a: no special abilities


You were on level 4 of the Dungeon.
You visited 1 branch of the dungeon, and saw 5 of its levels.

You collected 249 gold pieces.

Inventory:

Hand Weapons
 a - a +0 flail
 q - a +2 mace of draining (weapon)
Missiles
 r - 6 poisoned darts (quivered)
Armour
 b - a +0 scale mail (worn)
 c - a +1 buckler
 i - a +2 hat (worn)
Jewellery
 t - a ring of positive energy
Wands
 d - a wand of flame (10)
Scrolls
 f - 7 scrolls of identify
 g - a scroll of torment {unknown}
 h - a scroll of poison
 j - 2 scrolls of fear {unknown}
 k - a scroll of amnesia {unknown}
 m - 2 scrolls of blinking {unknown}
Potions
 e - a potion of ambrosia {unknown}
 l - a potion of curing
 n - a potion of flight
 o - a potion of brilliance


   Skills:
 * Level 7.7 Fighting
 - Level 3.0 Maces & Flails
 + Level 7.1 Armour
 + Level 3.6 Dodging
 - Level 3.3 Shields
 + Level 0.2 Evocations


You had 7 spell levels left.
You didn't know any spells.
Your spell library contained the following spells:

 Spells                   Type           Power      Damage    Failure   Level
 Slow                     Hex            0%         N/A       69%         1
 Sting                    Tmut/Pois      0%         1d3       69%         1
 Poisonous Vapours        Pois/Air       0%         N/A       83%         2
 Confusing Touch          Hex            0%         N/A       96%         3
 Gell's Gravitas          Tloc           0%         N/A       96%         3
 Teleport Other           Tloc           0%         N/A       96%         3
 Vampiric Draining        Necr           0%         2d6       96%         3
 Olgreb's Toxic Radiance  Pois           0%         N/A       100%        4
 Dispersal                Tloc           0%         N/A       100%        6


Dungeon Overview and Level Annotations

Branches:
Dungeon (5/15)
 Temple: D:4-7

Altars:
Nemelex Xobeh
Qazlal
Sif Muna
Xom

Shops:
D:3 (


Innate Abilities, Weirdness & Mutations

You are immune to sickness and miasma.
Your stone body is resilient. (AC +5)
You are immune to poison.
You resist negative energy. (rN+)
You are resistant to electric shocks. (rElec)
You are resistant to unholy torment.
You are immune to petrification.


Message History

A wight is nearby!
You closely miss the wight.
The wight is moderately damaged.
The wight hits you with a +3 trident of freezing!
The wight freezes you.
You hit the wight. You punch the wight, but do no damage.
The wight is heavily damaged.
The wight hits you with a +3 trident of freezing!
The wight freezes you.
You are too injured to fight recklessly!
You are too injured to fight recklessly!
You are too injured to fight recklessly!
You are too injured to fight recklessly!
You are too injured to fight recklessly!
You are too injured to fight recklessly!
You are too injured to fight recklessly!
You are too injured to fight recklessly!
You are too injured to fight recklessly!
You hit the wight.
The wight is heavily damaged.
The wight hits you with a +3 trident of freezing.
The wight freezes you.
* * * LOW HITPOINT WARNING * * *
The wight hits you but does no damage.
You hit the wight.
The wight is severely damaged.
The wight hits you with a +3 trident of freezing.
* * * LOW HITPOINT WARNING * * *
The wight freezes you.
* * * LOW HITPOINT WARNING * * *
You hit the wight but do no damage.
The wight is severely damaged.
The wight hits you with a +3 trident of freezing!
* * * LOW HITPOINT WARNING * * *
The wight freezes you.
* * * LOW HITPOINT WARNING * * *
You closely miss the wight.
The wight is severely damaged.
The wight hits you with a +3 trident of freezing!
You die...

##...[.....# #.#.#.#######.#####
##.........####.#.#.#............
##......>..[........#.#####.#####
#####l###.#####.#.###.# #.# # ##
#z# #.# #.#.# #.# #.##### .# #.#
#.# #...# #.# #......
.####)###.#####..## #.# ######.
................<# #.# #.
########.####...@# #.##########)
# #.# #..z)# #............ # #.#
#....# ############. # #.# #....#
#. # #.# #....# #. # #.# #....#
#) ########.# #....# #.
#........# ##.#[# #. ..########
#.#.# #.


You could see a wight.

Vanquished Creatures
  Pikel (D:4)
  Duvessa (D:5)
  An ice beast (D:5)
  An ogre (D:4)
  4 lemures
  A scorpion (D:4)
  3 wights
  Dowan (D:5)
  An orc priest (D:4)
  2 iguanas
  Ijyb (D:4)
  An orc wizard (D:5)
  3 adders
  A white imp (D:5)
  2 ufetubi
  4 dart slugs
  10 orcs
  A ball python (D:1)
  2 endoplasms
  5 giant cockroaches
  6 goblins
  2 hobgoblins
  3 quokkas
  8 bats
  2 frilled lizards
  4 kobolds
  3 rats
74 creatures vanquished.

Vanquished Creatures (others)
  An orc wizard (D:5)
1 creature vanquished.

Grand Total: 75 creatures vanquished

Notes
Turn   | Place    | Note
-------+----------+-------------------------------------------
     0 | D:1      | dialectric the Gargoyle Fighter began the quest for the
                  | Orb.
     0 | D:1      | Reached XP level 1. HP: 14/14 MP: 1/1
    72 | D:1      | Reached XP level 2. HP: 19/19 MP: 2/2
   260 | D:1      | Reached XP level 3. HP: 24/24 MP: 3/3
   612 | D:2      | Found a shimmering blue altar of Sif Muna.
  1212 | D:3      | Found Fasoa's Weapon Boutique.
  1243 | D:3      | Found a stormy altar of Qazlal.
  1457 | D:4      | Noticed a scorpion
  1462 | D:4      | Killed a scorpion
  1463 | D:4      | Reached XP level 4. HP: 22/30 MP: 4/4
  1535 | D:4      | Noticed Ijyb
  1544 | D:4      | Killed Ijyb
  1545 | D:4      | Reached XP level 5. HP: 23/34 MP: 5/5
  1608 | D:4      | Noticed an ogre
  1618 | D:4      | Killed an ogre
  1619 | D:4      | Reached skill level 5 in Fighting
  1619 | D:4      | Reached skill level 5 in Armour
  1690 | D:4      | Reached XP level 6. HP: 38/40 MP: 6/6
  1746 | D:4      | Noticed Pikel
  1747 | D:5      | Entered Level 5 of the Dungeon
  1765 | D:5      | Found a shimmering altar of Xom.
  1798 | D:4      | Reached skill level 1 in Dodging
  1910 | D:5      | Found a sparkling altar of Nemelex Xobeh.
  1992 | D:5      | Noticed an ice beast
  2002 | D:5      | Killed an ice beast
  2044 | D:5      | Noticed Dowan
  2045 | D:5      | Noticed Duvessa
  2052 | D:5      | Reached XP level 7. HP: 10/45 MP: 7/7
  2058 | D:5      | HP: 2/45 [Dowan/+0 dagger (5)]
  2068 | D:5      | Killed Dowan
  2071 | D:5      | HP: 2/69 [Duvessa/+0 short sword (7)]
  2072 | D:5      | Killed Duvessa
  2798 | D:4      | Killed Pikel
  2799 | D:4      | Reached XP level 8. HP: 52/53 MP: 8/8
  3565 | D:4      | HP: 1/54 [wight/+3 trident of freezing (4)]
  3566 | D:4      | Mangled by a wight

Illustrated notes

Levels and vault maps discovered:
D:1:      grunt_arrival_crossed_arrows, layout_rooms, serial_forest,
          infiniplex_forest_clump_diagonal, infiniplex_forest_straight_3,
          infiniplex_forest_straight_2, infiniplex_forest_clump_curved,
          infiniplex_forest_clump_double, infiniplex_forest_clump_small,
          infiniplex_forest_pool, infiniplex_forest_join
D:2:      layout_basic, basic_altar
D:3:      layout_loops_ring, nicolae_qazlal_eye_of_the_storm, serial_shops,
          nicolae_shop_waterfront
D:4:      layout_loops_ring, uniq_ijyb, uniq_pikel
D:5:      layout_gridville, mainiacjoe_overflow_alcove_4,
          mainiacjoe_overflow_brackets, uniq_duvessa

Skill      XL: |  1  2  3  4  5  6  7  8 |
---------------+-------------------------+-----
Maces & Flails | 3 |  3.0
Fighting       | 4 5 7 |  7.7
Armour         | 4 5 7 |  7.1
Dodging        | 1 2 3 |  3.6
Shields        | |  3.3
Evocations     | |  0.2

Action                     |  1- 3 |  4- 6 |  7- 9 || total
---------------------------+-------+-------+-------++-------
  Melee: Flail             |    92 |       |       ||    92
         Mace              |     8 |    57 |   118 ||   183
         Punch             |     1 |       |     2 ||     3
  Evoke: Wand              |       |     2 |       ||     2
    Use: Scroll            |     2 |       |     2 ||     4
         Potion            |       |     2 |     7 ||     9
   Stab: Invisible         |       |     1 |       ||     1
 Armour: Scale mail        |    55 |    35 |    91 ||   181
         Skin              |       |       |    15 ||    15
  Dodge: Dodged            |    67 |    36 |    92 ||   195

Table legend: (Time is in decaauts)
 A = Elapsed time spent in this place.
 B = Non-inter-level travel time spent in this place.
 C = Inter-level travel time spent in this place.
 D = Time resting spent in this place.
 E = Time spent auto-exploring this place.
 F = Levels seen in this place.
 G = Mean time per level.
                   A        B        C        D        E       F      G
               +--------+--------+--------+--------+--------+-----+--------+
         Total |   3641 |   3546 |     95 |    734 |   1901 |   5 |  728.2 |
       Dungeon |   3641 |   3546 |     95 |    734 |   1901 |   5 |  728.2 |
               +--------+--------+--------+--------+--------+-----+--------+

Top non-repeatable levels by time:
     D:4: 1097 daAuts
     D:3: 974 daAuts
     D:5: 753 daAuts
     D:1: 460 daAuts
     D:2: 355 daAuts
